 Dungeon Crawl Stone Soup version 0.27.1-1-g398f81649c (webtiles) character file.

Game seed: 304422733195782920

12208 DoubleLucky the Fighter (level 11, 0/83 HPs)
             Began as a Gargoyle Earth Elementalist on Sept 6, 2021.
             Was a Plaything of Xom.
             Slain by a tengu warrior (21 damage)
             ... on level 10 of the Dungeon.
             The game lasted 01:29:00 (14332 turns).

DoubleLucky the Fighter (GrEE)                     Turns: 14332, Time: 01:29:01

Health: 0/83       AC: 18    Str: 19    XL:     11   Next: 89%
Magic:  6/18       EV: 12    Int: 18    God:    Xom [...*..]
Gold:   785        SH:  0    Dex: 16    Spells: 9/20 levels left

rFire    . . .     SeeInvis .   L - +2 battleaxe (freeze)
rCold    . . .     Faith    .   (shield currently unavailable)
rNeg     + + .     Spirit   .   c - +0 leather armour
rPois    ∞         Reflect  .   I - +2 hat of the Ageless Dreams {rF+ Regen+ Str+4}
rElec    +         Harm     .   (no cloak)
rCorr    +         Rampage  .   j - +2 pair of gloves
Will     .....     Clarity  +   u - +1 pair of boots
Stlth    ++........             (no amulet)
HPRegen  1.23/turn              z - ring of wizardry
MPRegen  0.16/turn              R - ring "Toc Ded" {rPois rF- rN+ rCorr Dex+6}

@: weak-willed, very slightly contaminated, invisible
A: sickness immunity, AC +8, negative energy resistance 1, electricity
resistance, torment resistance 1, petrification resistance, clarity, clever 1,
robust 1, screaming 1
a: Renounce Religion


You were on level 10 of the Dungeon.
You worshipped Xom.
You were a favourite toy of Xom.
You visited 2 branches of the dungeon, and saw 11 of its levels.

You collected 785 gold pieces.

Inventory:

Hand Weapons
 r - a +0 flail
 J - a +1 flail of draining
 L - a +2 battleaxe of freezing (weapon)
 M - a +2 whip of flaming
 O - a +2 dire flail
Missiles
 b - 136 stones
 y - 2 throwing nets
 E - 32 poisoned darts
 N - a curare-tipped dart
Armour
 c - a +0 leather armour (worn)
 j - a +2 pair of gloves (worn)
 s - a +0 scale mail
 u - a +1 pair of boots (worn)
 x - a +0 helmet
 H - a +1 robe of willpower
 I - the +2 hat of the Ageless Dreams (worn) {rF+ Regen+ Str+4}
   (You found it on level 7 of the Dungeon)

   Str:       It affects your strength (+4).
   rF:        It protects you from fire.
   Regen:     It increases your rate of health regeneration.
 P - a +1 plate armour of cold resistance
Jewellery
 h - an amulet of guardian spirit
 z - a ring of wizardry (left hand)
 R - the ring "Toc Ded" (right hand) {rPois rF- rN+ rCorr Dex+6}
   (You found it on level 10 of the Dungeon)

   [ring of dexterity]

   Dex:       It affects your dexterity (+6).
   rF:        It makes you vulnerable to fire.
   rPois:     It protects you from poison.
   rN:        It protects you from negative energy.
   rCorr:     It protects you from acid and corrosion.
Wands
 d - a wand of charming (7)
 k - a wand of iceblast (18)
 B - a wand of mindburst (24)
 Q - a wand of paralysis (10)
Scrolls
 g - 2 scrolls of enchant weapon
 i - 4 scrolls of amnesia
 p - a scroll of enchant armour
 w - 3 scrolls of magic mapping
Potions
 e - 2 potions of lignification
 m - a potion of berserk rage {unknown}
 n - a potion of flight {unknown}
 o - a potion of heal wounds
 t - a potion of degeneration {unknown}
 A - a potion of might {unknown}
 D - a potion of mutation {unknown}
 F - a potion of haste {unknown}
 K - 2 potions of brilliance {unknown}
Miscellaneous
 q - a phial of floods


   Skills:
 + Level 11.8 Fighting
 + Level 7.0(8.3) Axes
 - Level 7.4(9.0) Maces & Flails
 + Level 1.5 Armour
 - Level 1.5 Dodging
 - Level 2.1 Stealth
 - Level 5.0 Spellcasting
 + Level 5.3 Conjurations
 - Level 0.7 Transmutations
 - Level 5.0 Fire Magic
 + Level 7.5 Earth Magic


You had 9 spell levels left.
You knew the following spells:

 Your Spells              Type           Power      Damage    Failure   Level
a - Sandblast             Erth           62%        2d14      1%          1
b - Stone Arrow           Conj/Erth      54%        3d10      1%          3
c - Passwall              Tmut/Erth      15%        N/A       1%          2
d - Bolt of Magma         Conj/Fire/Erth 12%        4d8       16%         5

Your spell library contained the following spells:

 Spells                   Type           Power      Damage    Failure   Level
 Freeze                   Ice            16%        1d4       6%          1
 Pain                     Necr           16%        1d4       6%          1
 Summon Small Mammal      Summ           16%        N/A       6%          1
 Lee's Rapid Deconstruct  Erth           15%        3d11*     9%          5
 Corpse Rot               Necr/Air       N/A        N/A       10%         2
 Petrify                  Tmut/Erth      19%        N/A       12%         4
 Leda's Liquefaction      Hex/Erth       9%         N/A       13%         4
 Call Canine Familiar     Summ           4%         N/A       19%         3
 Frozen Ramparts          Ice            8%         1d2       19%         3
 Summon Guardian Golem    Hex/Summ       4%         N/A       19%         3
 Hailstorm                Conj/Ice       14%        3d5       21%         4
 Dispel Undead            Necr           4%         3d7       50%         4
 Agony                    Necr           4%         N/A       83%         5
 Excruciating Wounds      Necr           2%         N/A       83%         5
 Death Channel            Necr           2%         N/A       100%        6
 Statue Form              Tmut/Erth      Unusable   N/A       N/A         6

Dungeon Overview and Level Annotations

Branches:
Dungeon (10/15)            Temple (1/1) D:7             Orc (0/2) D:10
   Lair: D:8-11

Altars:
Ashenzari
Cheibriados
Dithmenos
Elyvilon
Fedhas
Gozag
Hepliaklqana
Kikubaaqudgha
Makhleb
Nemelex Xobeh
Okawaru
Qazlal
Ru
Sif Muna
Trog
Uskayaw
Vehumet
Wu Jian
Xom
Yredelemnul
Zin
The Shining One

Shops:
D:4 *   D:8 (


Innate Abilities, Weirdness & Mutations

You are immune to sickness and miasma.
Your stone body is resilient. (AC +8)
You are immune to poison.
You resist negative energy. (rN+)
You are resistant to electric shocks. (rElec)
You are resistant to unholy torment.
You are immune to petrification.
You possess an exceptional clarity of mind.
Your mind is acute. (Int +2)
You are robust. (+10% HP)
You occasionally shout uncontrollably at your foes.


Message History

Xom is amused.
As you read the scroll labelled ROYSMIYRHUI, it crumbles to dust.
The scroll dissolves into smoke.
It was a scroll of fog.
As you read the scroll labelled ANOFEU OPNO, it crumbles to dust.
The creatures around you are filled with an inner flame!
It was a scroll of immolation.
As you read the scroll labelled TAENUFRONTY, it crumbles to dust.
You assume a fearsome visage.
The tengu warrior looks frightened!
It was a scroll of fear.
The cyclops throws a large rock.
The large rock hits the tengu warrior!
Flame seeps out of the tengu warrior.
You closely miss the tengu warrior.
Your attack snaps the tengu warrior out of its fear.
The tengu warrior is lightly wounded.
The tengu warrior unwields a +0 arbalest.
The tengu warrior wields a +2 battleaxe.
The tengu warrior hits you with a +2 battleaxe!
* * * LOW HITPOINT WARNING * * *
The tengu warrior completely misses you.
The tengu warrior barely misses you.
Okay, then.
You feel better.
The tengu warrior hits you with a +2 battleaxe.
* * * LOW HITPOINT WARNING * * *
The tengu warrior pecks you but does no damage.
The tengu warrior claws you but does no damage.
You feel better.
The tengu warrior hits you but does no damage.
The tengu warrior closely misses you.
The tengu warrior claws you but does no damage.
The cyclops throws a large rock.
The large rock barely misses the tengu warrior.
The large rock closely misses you.
Okay, then.
You slash the tengu warrior!
Flame seeps out of the tengu warrior.
You freeze the tengu warrior.
Flame seeps out of the tengu warrior.
The tengu warrior is moderately wounded.
The tengu warrior hits you with a +2 battleaxe!!
You die...
Xom chortles!

..## #[#.#.# ##..#...#. .## #
#.#.#.# ##.....#. .# #.#.#.#.#
#....... .#
##.##.#.#.#.#.#.#....... .#
...JC...........#....### .#
##.##.#§#.#.#.#.#...## # .#
#.#C#.#.# #...## # .## ####Q#.#.#
##....### ..## ##.##@#.#.#
##........ #..##
##...###.#.###..##.....
##..#######.....#######...##.....
##..........................##..
####...............#........##.
#................###......#..
###.......####...#....##.....
#.#..#..# ##..##..........
####.#### ##.#...........


You could see a tengu warrior (inner flame, weak-willed) and a cyclops
(weak-willed).

Vanquished Creatures
  Gastronok (D:8)
  A boulder beetle (D:10)
  An ogre mage (D:10)
  Pikel (D:8)
  An orc knight (D:10)
  2 orc sorcerers (D:7)
  A cyclops (D:10)
  A gargoyle (D:10)
  A kobold demonologist (D:9)
  An unseen horror (D:8)
  2 hornets
  16 yaks
  An acid dragon (D:10)
  2 sky beasts (D:5)
  An ice beast (D:8)
  An orc warrior (D:10)
  2 black bears
  A necrophage (D:7)
  3 ogres
  A hornet zombie (D:8)
  5 centaurs
  2 phantoms
  A kobold brigand (D:7)
  3 bullfrogs
  A wyvern zombie (D:7)
  A gnoll sergeant (D:10)
  A scorpion (D:5)
  3 water moccasin skeletons
  An electric eel (D:7)
  9 wights
  A howler monkey (D:10)
  A bullfrog zombie (D:7)
  4 centaur zombies
  3 hounds
  A jelly (D:7)
  A gnoll shaman (D:10)
  6 orc wizards
  3 iguanas
  A killer bee zombie (D:7)
  A howler monkey zombie (D:8)
  4 gnolls (D:3)
  11 adders
  2 river rats
  A white imp (D:8)
  An adder skeleton (D:4)
  7 dart slugs
  27 orcs
  8 ball pythons
  4 bats
  6 endoplasms
  3 giant cockroaches (D:3)
  4 hobgoblins
  4 jackals (D:3)
  2 quokkas
  A frilled lizard (D:3)
  6 goblins
  5 kobolds
  4 rats
190 creatures vanquished.

Vanquished Creatures (collateral kills)
  A kobold brigand (D:10)
1 creature vanquished.

Vanquished Creatures (others)
  64 plants (D:7)
64 creatures vanquished.

Grand Total: 255 creatures vanquished

Notes
Turn   | Place    | Note
-------+----------+-------------------------------------------
     0 | D:1      | DoubleLucky the Gargoyle Earth Elementalist began the quest
                  | for the Orb.
     0 | D:1      | Reached XP level 1. HP: 10/10 MP: 3/3
   168 | D:1      | Found a faded altar of an unknown god.
   468 | D:1      | Reached XP level 2. HP: 16/16 MP: 3/5
   476 | D:1      | Reached skill level 1 in Fighting
  1611 | D:2      | Reached XP level 3. HP: 20/20 MP: 3/6
  2050 | D:2      | Reached skill level 2 in Fighting
  2474 | D:2      | Reached XP level 4. HP: 18/26 MP: 4/8
  2880 | D:3      | Learned a level 3 spell: Stone Arrow
  2938 | D:3      | Reached XP level 5. HP: 16/31 MP: 0/9
  3104 | D:3      | Reached skill level 1 in Conjurations
  3110 | D:3      | HP: 1/31 [river rat (6)]
  3907 | D:3      | Reached skill level 5 in Earth Magic
  4011 | D:3      | Reached skill level 3 in Fighting
  4985 | D:3      | Learned a level 2 spell: Passwall
  5010 | D:4      | Noticed an ogre
  5010 | D:4      | Noticed a phantom
  5077 | D:3      | Killed an ogre
  5078 | D:3      | Reached XP level 6. HP: 23/37 MP: 6/11
  5224 | D:3      | Reached skill level 1 in Maces & Flails
  5639 | D:4      | Found Ruop Ruili's Assorted Antiques.
  5653 | D:4      | Reached skill level 4 in Fighting
  5653 | D:4      | Reached XP level 7. HP: 43/43 MP: 8/13
  6099 | D:5      | Entered Level 5 of the Dungeon
  7110 | D:5      | Reached XP level 8. HP: 26/48 MP: 1/14
  7297 | D:5      | Reached skill level 5 in Fighting
  7495 | D:6      | Reached skill level 5 in Spellcasting
  7511 | D:6      | HP: 2/49 [wight (11)]
  8304 | D:6      | Reached skill level 5 in Conjurations
  8434 | D:6      | Found a broken altar of Ashenzari.
  8435 | D:6      | Found a shadowy altar of Dithmenos.
  8615 | D:6      | Noticed a yak
  8616 | D:6      | Noticed a yak
  8634 | D:6      | Killed a yak
  8635 | D:6      | Reached skill level 6 in Fighting
  8636 | D:6      | Noticed a yak
  8649 | D:6      | Killed a yak
  8650 | D:6      | Reached skill level 5 in Maces & Flails
  8650 | D:6      | Reached XP level 9. HP: 49/56 MP: 1/16
  8673 | D:6      | Reached skill level 7 in Fighting
  8990 | D:7      | Noticed an orc sorcerer
  9060 | D:7      | Noticed an orc sorcerer
  9071 | D:7      | Killed an orc sorcerer
  9284 | D:7      | Killed an orc sorcerer
  9285 | D:7      | Reached skill level 8 in Fighting
  9381 | D:7      | Found a staircase to the Ecumenical Temple.
  9388 | Temple   | Entered the Ecumenical Temple
  9502 | Temple   | Became a worshipper of Xom of Chaos
  9740 | D:7      | XOM: silly message
  9761 | D:7      | XOM: silly message
  9803 | D:7      | Identified the +2 hat of the Ageless Dreams {rF+ Regen+
                  | Str+4}
  9893 | D:7      | XOM: potion effect (brilliance)
  9899 | D:7      | XOM: silly message
 10043 | D:7      | Reached skill level 9 in Fighting
 10050 | D:7      | Learned a level 5 spell: Bolt of Magma
 10212 | D:7      | XOM: potion effect (haste)
 10227 | D:7      | Reached skill level 1 in Fire Magic
 10327 | D:7      | Reached XP level 10. HP: 66/66 MP: 10/17
 10405 | D:7      | XOM: silly message
 10408 | D:7      | XOM: silly message
 10416 | D:7      | Reached skill level 1 in Axes
 10460 | D:7      | XOM: potion effect (curing)
 10839 | D:8      | Found Oteepn's Antique Weapon Shoppe.
 10968 | D:8      | XOM: divination: detect creatures
 11015 | D:8      | XOM: noise
 11016 | D:8      | XOM: enchant monster (good)
 11164 | D:8      | Noticed Gastronok
 11164 | D:8      | Noticed Pikel
 11164 | D:8      | XOM: 9-stop teleportation journey
 11211 | D:8      | XOM: summons friendly quasit
 11221 | D:8      | XOM: divination: detect creatures
 11231 | D:8      | Killed Pikel
 11232 | D:8      | Reached skill level 10 in Fighting
 11249 | D:8      | Killed an unseen horror
 11375 | D:8      | Found a glowing golden altar of the Shining One.
 11375 | D:8      | Found a blossoming altar of Fedhas.
 11489 | D:8      | XOM: chaos cloud
 11493 | D:8      | Killed Gastronok
 11494 | D:8      | Reached skill level 5 in Axes
 11494 | D:8      | Reached skill level 5 in Fire Magic
 11494 | D:8      | Reached XP level 11. HP: 58/73 MP: 3/18
 11631 | D:8      | XOM: summons 1 hostile shadow creature
 11764 | D:8      | XOM: noise
 12235 | D:9      | Reached skill level 11 in Fighting
 12337 | D:9      | XOM: give mutations
 12337 | D:9      | Gained mutation: You are robust. (+10% HP) [Xom's grace]
 12337 | D:9      | Gained mutation: Your mind is acute. (Int +2) [Xom's grace]
 12811 | D:10     | Entered Level 10 of the Dungeon
 12848 | D:10     | Found a staircase to the Orcish Mines.
 12932 | D:10     | XOM is BORED!
 12932 | D:10     | XOM: noise
 12984 | D:10     | XOM: summons 2 friendly demons
 13110 | D:10     | XOM: enchant monster (good)
 13353 | D:10     | XOM: give mutations
 13353 | D:10     | Gained mutation: You possess an exceptional clarity of
                  | mind. [Xom's mischief]
 13353 | D:10     | Gained mutation: You occasionally shout uncontrollably at
                  | your foes. [Xom's mischief]
 13476 | D:10     | Noticed an orc knight
 13476 | D:10     | Noticed a boulder beetle
 13476 | D:10     | Noticed an ogre mage
 13484 | D:10     | XOM: fog
 13495 | D:10     | XOM: smoke on damage
 13510 | D:10     | Killed an orc knight
 13575 | D:10     | Killed a boulder beetle
 13698 | D:10     | XOM: god gift: leather armour {god gift}
 14104 | D:10     | XOM: cloud trail
 14238 | D:10     | Killed an ogre mage
 14239 | D:10     | Reached skill level 1 in Armour
 14279 | D:10     | Identified the ring "Toc Ded" {rPois rF- rN+ rCorr Dex+6}
 14302 | D:10     | Noticed a cyclops
 14303 | D:10     | XOM: summons friendly white imp
 14303 | D:10     | Noticed a tengu warrior
 14315 | D:10     | Noticed a cyclops
 14317 | D:10     | Killed a cyclops
 14332 | D:10     | Slain by a tengu warrior

Illustrated notes

Levels and vault maps discovered:
D:1:      dpeg_arrival_rhombus, layout_basic,
          hellmonk_ecumenical_altar_arch_garden
D:2:      layout_loops_cross
D:3:      layout_basic, portal_sewer_entry_e
D:4:      layout_rooms, serial_shops, nicolae_shop_trees,
          chequers_serial_rivers_micro_d
D:5:      minmay_inner_zag, layout_basic
D:6:      layout_rooms, mainiacjoe_overflow_big_doors
D:7:      cheibrodos_wizards_tower, layout_loops_corners,
          minmay_temple_entry_gardened_gates, serial_bayou,
          serial_bayou_shore_b, serial_bayou_pond_b, serial_bayou_crossing,
          serial_bayou_pond_c, serial_bayou_lagoon_a
D:8:      layout_loops_cross, amethyst_overflow_temple_binary, serial_shops,
          nicolae_stop_n_shop_1, uniq_gastronok, uniq_pikel
D:9:      layout_basic, lemuel_flame_loot_1
D:10:     minmay_the_grid_octo_2x2 [minmay_the_grid_octo_clover_2,
          minmay_the_grid_octo_fan_narrow, minmay_the_grid_octo_teeth,
          minmay_the_grid_octo_prize_square_snowflake], layout_cave_pools,
          david_orc_2
Temple:   compressed_dpeg_circular_temple

Skill      XL: |  1  2  3  4  5  6  7  8  9 10 11 |
---------------+----------------------------------+-----
Fighting       | 1 2 3 4 6 9 10 11 | 11.8
Earth Magic    | 4 5 7 |  7.5
Spellcasting   | 3 4 5 |  5.0
Conjurations   | 2 4 5 |  5.3
Maces & Flails | 1 3 5 7 |  7.4
Fire Magic     | 1 5 |  5.0
Axes           | 5 7 |  7.0
Armour         | 1 |  1.5
Dodging        | |  1.5
Stealth        | |  2.1
Transmutations | |  0.7

Action                   |  1- 3 |  4- 6 |  7- 9 | 10-12 || total
-------------------------+-------+-------+-------+-------++-------
Melee: Club              |    26 |       |       |       ||    26
       Unarmed           |     2 |       |       |       ||     2
       Dagger            |    58 |   212 |       |       ||   270
       Flail             |       |    43 |   121 |       ||   164
       Battleaxe         |       |       |    10 |   180 ||   190
 Cast: Sandblast         |    34 |    47 |    45 |    59 ||   185
       Stone Arrow       |       |     3 |    65 |    73 ||   141
       Passwall          |       |       |     1 |       ||     1
  Use: Scroll            |     3 |     3 |     3 |     7 ||    16
       Potion            |       |       |       |     7 ||     7
 Stab: Sleeping          |     3 |     1 |     2 |       ||     6
       Petrified         |       |       |       |     4 ||     4
       Distracted        |       |       |       |     1 ||     1
Armor: Robe              |    33 |    23 |       |       ||    56
       Leather armour    |       |   118 |    72 |   163 ||   353
Dodge: Dodged            |    70 |   221 |    88 |   116 ||   495
